 Dungeon Crawl Stone Soup version 0.18.1-48-g4cf74bf (webtiles) character file.

1269 Jerry the Spear-Bearer (level 8, -4/58 HPs)
             Began as a Merfolk Fighter on Aug 10, 2016.
             Slain by an orc warrior
             ... wielding a +0 glaive
              (14 damage)
             ... on level 7 of the Dungeon.
             The game lasted 00:21:41 (5082 turns).

Jerry the Spear-Bearer (Merfolk Fighter)            Turns: 5082, Time: 00:21:42

Health: -4/58      AC: 10    Str: 15 (17) XL:     8   Next: 53%
Magic:  0/8        EV: 13    Int:  7 (9)  God:
Gold:   218        SH: 11    Dex: 17 (18) Spells: 0 memorised, 7 levels left

rFire  . . .     SeeInvis .     a - +0 trident
rCold  + . .     Gourm    .     e - +2 ring mail {rC+}
rNeg   . . .     Faith    .     c - +0 shield
rPois  +         Spirit   +     (no helmet)
rElec  .         Dismiss  .     p - +0 cloak
rCorr  .         Reflect  .     (no gloves)
SustAt .         Harm     .     r - +0 pair of boots
MR     .....                    t - amulet of guardian spirit
Stlth  ++........               (no ring)
                                C - ring of poison resistance

@: agile, not resistant to hostile enchantments, unstealthy
A: change form in water, swift swim
a: no special abilities


You were on level 7 of the Dungeon.
You were near starving.

You visited 1 branch of the dungeon, and saw 7 of its levels.

You collected 218 gold pieces.

Inventory:

Hand Weapons
 a - a +0 trident (weapon)
 s - a +0 hunting sling
Missiles
 x - 15 sling bullets
Armour
 c - a +0 shield (worn)
 e - a +2 ring mail of cold resistance (worn)
 p - a +0 cloak (worn)
 r - a +0 pair of boots (worn)
Jewellery
 t - an amulet of guardian spirit (around neck)
 C - a ring of poison resistance (left hand)
Wands
 y - a wand of lightning (2/15)
 A - a wand of enslavement (11/24)
 D - a wand of iceblast (9/15)
Scrolls
 b - a scroll of magic mapping {unknown}
 d - a scroll of fog {unknown}
 k - 5 scrolls of identify
 m - 3 scrolls of teleportation {unknown}
 o - 2 scrolls of immolation {unknown}
 q - a scroll of random uselessness {unknown}
 u - a scroll of blinking {unknown}
 v - 2 scrolls of remove curse
 w - a scroll of fear {unknown}
 B - a scroll of acquirement {unknown}
Potions
 h - a potion of brilliance
 n - a potion of degeneration
Comestibles
 f - 6 bread rations
 g - a slice of pizza
 l - 4 meat rations


   Skills:
 - Level 3.2 Fighting
 + Level 9.7 Polearms
 - Level 3.4 Armour
 + Level 7.4 Shields


You had 7 spell levels left.
You didn't know any spells.

Dungeon Overview and Level Annotations

Branches:
Dungeon (7/15)             Temple (0/1) D:5

Altars:
Dithmenos
Fedhas
Qazlal
Trog
Vehumet
Xom

Shops:
D:4 [![


Message History

Your magical effects are unravelling.
You feel magically purged.
You feel a little less clever now.
You feel a little less agile now. You block the orc priest's attack.
The orc hits you but does no damage.
The orc warrior hits you from afar with a glaive!
* * * LOW HITPOINT WARNING * * *
The ice beast barely misses you.
Drink which item? (? for menu, Esc to quit)
It was a potion of curing.
You feel better.
The orc priest hits you but does no damage.
The orc hits you but does no damage. The ice beast barely misses you.
You block the orc warrior's attack.
Drink which item? (? for menu, Esc to quit)
You feel agile all of a sudden. You block the orc priest's attack.
The orc completely misses you.
The ice beast hits you but does no damage.
You puncture the orc priest!
You kill the orc priest!
The orc warrior hits you from afar with a glaive!
You die...

##....# ........... #.....#
.. .......... #.....##..
.......... #........
#........ #........ #.......
#.....# +.....#####.....#
######....Y#..##.....#
#.........@#.........#
#.........)oo........#
+..........#..###[####
#######.........##..# ....
<.......##+#....#...#...$...
........# #....+...#.......#
........# #....#...#.......#
........# +....#...#.oo....#
........# #....#...#.......#


You could see an orc warrior, an ice beast and an orc.

Vanquished Creatures
  The ghost of tschems the Skirmisher, an amateur HuBe of Trog (D:3)
  The ghost of loom the Magician, an amateur DEWz (D:4)
  A sky beast (D:5)
  2 ogres (D:4)
  A big kobold (D:6)
  A giant frog (D:6)
  2 crimson imps (D:6)
  A giant frog zombie (D:6)
  A hound (D:6)
  An orc priest (D:7)
  Crazy Yiuf (D:4)
  A centaur skeleton (D:6)
  4 worker ants
  3 gnolls (D:6)
  5 adders
  A shadow imp (D:5)
  An ooze (D:3)
  An adder skeleton (D:5)
  3 worms
  5 giant geckos
  7 orcs
  8 giant cockroaches
  6 goblins
  5 hobgoblins
  21 jackals
  11 kobolds
  3 quokkas
  A ball python (D:3)
  11 bats
  2 giant gecko skeletons
  5 giant newts
  A jackal skeleton (D:5)
  5 rats
123 creatures vanquished.

Notes
Turn   | Place    | Note
--------------------------------------------------------------
     0 | D:1      | Jerry the Merfolk Fighter began the quest for the Orb.
     0 | D:1      | Reached XP level 1. HP: 18/18 MP: 1/1
   124 | D:1      | Reached XP level 2. HP: 24/24 MP: 2/2
   330 | D:1      | Reached XP level 3. HP: 29/29 MP: 3/3
  1584 | D:2      | Reached XP level 4. HP: 35/35 MP: 4/4
  1827 | D:3      | Reached skill level 4 in Polearms
  1995 | D:3      | Noticed tschems's ghost (amateur HuBe)
  2003 | D:3      | Killed tschems's ghost
  2003 | D:3      | Reached skill level 5 in Polearms
  2003 | D:3      | Reached XP level 5. HP: 22/41 MP: 5/5
  2003 | D:3      | Reached XP level 6. HP: 25/47 MP: 6/6
  2321 | D:4      | Found Suimol's Distillery.
  2363 | D:4      | Found Ydirhah's Antique Armour Shoppe.
  2437 | D:4      | Reached skill level 6 in Polearms
  2437 | D:4      | Reached skill level 5 in Shields
  2520 | D:4      | Noticed loom's ghost (amateur DEWz)
  2541 | D:4      | Killed loom's ghost
  2541 | D:4      | Reached skill level 7 in Polearms
  2541 | D:4      | Reached XP level 7. HP: 39/52 MP: 7/7
  2781 | D:4      | Noticed Crazy Yiuf
  2788 | D:4      | Killed Crazy Yiuf
  3040 | D:4      | Found Jeoll's Armour Shoppe.
  3073 | D:5      | Entered Level 5 of the Dungeon
  3447 | D:5      | Reached skill level 8 in Polearms
  3699 | D:5      | Found a staircase to the Ecumenical Temple.
  3705 | D:5      | Found a radiant altar of Vehumet.
  3705 | D:5      | Found a shimmering altar of Xom.
  3706 | D:5      | Found a shadowy altar of Dithmenos.
  3910 | D:5      | Found a stormy altar of Qazlal.
  4081 | D:6      | Reached XP level 8. HP: 47/58 MP: 6/8
  4355 | D:6      | Found a blossoming altar of Fedhas.
  4358 | D:6      | Found a bloodstained altar of Trog.
  4589 | D:5      | Reached skill level 9 in Polearms
  5082 | D:7      | Slain by an orc warrior

Skill      XL: |  1  2  3  4  5  6  7  8 |
---------------+-------------------------+-----
Polearms       | 5 7 8 9 |  9.7
Shields        | 4 5 6 7 |  7.4
Armour         | 3 |  3.4
Fighting       | |  3.2

Action                   |  1- 3 |  4- 6 |  7- 9 || total
-------------------------+-------+-------+-------++-------
Melee: Trident           |   152 |   150 |   256 ||   558
 Fire: Hunting sling     |       |       |     3 ||     3
Evoke: Wand              |       |       |     4 ||     4
  Use: Scroll            |     3 |       |     2 ||     5
       Potion            |       |     2 |     7 ||     9
  Eat: Chunk             |     2 |     4 |     5 ||    11
       Pizza             |       |       |     1 ||     1
Armor: Scale mail        |    16 |       |       ||    16
       Ring mail         |    46 |    63 |    94 ||   203
Dodge: Dodged            |    39 |    36 |    61 ||   136
Block: Shield            |    58 |    58 |   120 ||   236
